 Dungeon Crawl Stone Soup version 0.24.0-123-gd5b16e6ec5 (webtiles) character file.

Game seed: 17792875108648470690, levelgen mode: deterministic

184 Martska the Charmwright (level 5, -3/41 HPs)
             Began as a Human Skald on Feb 10, 2020.
             Slain by Natasha (7 damage)
             ... on level 3 of the Dungeon.
             The game lasted 00:06:54 (3318 turns).

Martska the Charmwright (Human Skald)               Turns: 3318, Time: 00:06:54

Health: -3/41      AC:  3    Str: 13    XL:     5   Next: 95%
Magic:  7/8        EV: 12    Int: 13    God:
Gold:   59         SH:  0    Dex: 12    Spells: 2/9 levels left

rFire    . . .     SeeInvis .   f - +0 scimitar
rCold    . . .     Gourm    .   (no shield)
rNeg     . . .     Faith    .   b - +0 leather armour
rPois    .         Spirit   .   (no helmet)
rElec    .         Reflect  .   (no cloak)
rCorr    .         Harm     .   (no gloves)
MR       .....                  (no boots)
Stlth    +.........             (no amulet)
HPRegen  0.13/turn              (no ring)
MPRegen  0.11/turn              (no ring)

@: slowed, very slow
A: no striking features
a: no special abilities


You were on level 3 of the Dungeon.
You were not hungry.

You visited 1 branch of the dungeon, and saw 3 of its levels.

You collected 59 gold pieces.

Inventory:

Hand Weapons
 a - a +0 falchion
 c - a +3 dagger
 f - a +0 scimitar (weapon)
 n - a +0 falchion
Missiles
 e - 59 stones (quivered)
Armour
 b - a +0 leather armour (worn)
 j - a +2 robe of magic resistance
 q - a +2 leather armour of cold resistance
Scrolls
 g - a scroll of remove curse {unknown}
 h - a scroll of enchant weapon {unknown}
 i - a scroll of fog {unknown}
 l - a scroll of identify {unknown}
 o - a scroll of noise {unknown}
Potions
 k - 2 potions of curing {unknown}
 m - a potion of agility {unknown}
 p - a potion of brilliance {unknown}
Comestibles
 d - 5 rations


   Skills:
 * Level 3.4 Fighting
 * Level 3.2 Long Blades
 + Level 1.7 Armour
 + Level 2.5 Dodging
 + Level 2.5 Spellcasting
 + Level 0.8 Hexes
 + Level 3.4 Charms


You had 2 spell levels left.
You knew the following spells:

 Your Spells              Type           Power        Failure   Level  Hunger
a - Infusion              Chrm           ##..         8%          1    #......
b - Regeneration          Chrm/Necr      #.........   41%         3    ###....
c - Spectral Weapon       Hex/Chrm       #.......     36%         3    ###....

Your spell library contained the following spells:

 Spells                   Type           Power        Failure   Level  Hunger
 Song of Slaying          Chrm           ##......     12%         2    ###....
 Shroud of Golubria       Chrm/Tloc      #.....       22%         2    ###....


Dungeon Overview and Level Annotations

Branches:
Dungeon (3/15)

Altars:
Okawaru

Annotations:
D:3 Natasha


Message History

You hit the orc.
You kill the orc!
Your spectral weapon fades away.
The crimson imp blinks!
You slash the white imp!
The white imp is severely wounded.
Natasha casts a spell at you.
You feel yourself slow down. The white imp hits you. The white imp freezes you.
You hit the white imp but do no damage.
The white imp is severely wounded.
The white imp grinds its teeth.
The white imp hits you. The white imp freezes you.
Natasha casts a spell at you. The magic dart hits you!
* * * LOW HITPOINT WARNING * * *
The white imp hits you but does no damage.
The white imp gestures at you. The puff of frost hits you.
* * * LOW HITPOINT WARNING * * *
Natasha claws you!
You die...

#....#....# #.#
#....#.##.# #.#
#....#.##.# #.#
###'##.##.# #..
###.##..#.# ###
#.....#.#.# #.#.#.#<#.#
.#######.#.#.###.#######
.......@ho5.............
..######.#.#############
###5#h# #...#.######
#.##.5o....#
#..........#
####........#
#...........#
#...........#


You could see Natasha, a crimson imp, a white imp and an orc.

Vanquished Creatures
  Jessica (D:3)
  Terence (D:3)
  4 adders (D:2)
  2 oozes
  A worm (D:2)
  5 dart slugs
  A leopard gecko (D:2)
  2 orcs (D:3)
  A ball python (D:1)
  6 bats
  4 giant cockroaches
  7 goblins
  9 hobgoblins
  6 jackals
  A quokka (D:2)
  5 frilled lizards
  5 kobolds
  9 rats
70 creatures vanquished.

Notes
Turn   | Place    | Note
-------+----------+-------------------------------------------
     0 | D:1      | Martska the Human Skald began the quest for the Orb.
     0 | D:1      | Reached XP level 1. HP: 16/16 MP: 3/3
    77 | D:1      | Reached XP level 2. HP: 15/22 MP: 5/5
   857 | D:1      | Reached XP level 3. HP: 11/28 MP: 6/6
  1775 | D:2      | Learned a level 3 spell: Regeneration
  1777 | D:2      | Found an iron altar of Okawaru.
  1779 | D:2      | Noticed Terence
  1895 | D:3      | Noticed Jessica
  1906 | D:3      | Killed Jessica
  1906 | D:3      | Reached XP level 4. HP: 16/34 MP: 7/7
  2113 | D:3      | Learned a level 3 spell: Spectral Weapon
  2130 | D:3      | Killed Terence
  2130 | D:3      | Reached XP level 5. HP: 30/41 MP: 2/8
  3280 | D:3      | Noticed Natasha
  3318 | D:3      | Slain by Natasha

Levels and vault maps discovered:
D:1:      dpeg_arrival_tiny_a, layout_basic, hangedman_decor_riveting
D:2:      layout_rooms, overflow_temple_1_default, first_ration,
          minmay_mini_jars, uniq_terence
D:3:      layout_basic, lemuel_doored_altar, uniq_jessica, uniq_natasha

Skill      XL: |  1  2  3  4  5 |
---------------+----------------+-----
Fighting       | 3 |  3.4
Long Blades    | 3 |  3.2
Armour         | |  1.7
Dodging        | |  2.5
Spellcasting   | |  2.5
Hexes          | |  0.8
Charms         | |  3.4

Action                   |  1- 3 |  4- 6 || total
-------------------------+-------+-------++-------
Melee: Falchion          |   103 |       ||   103
       Dagger            |    13 |       ||    13
       Scimitar          |     7 |    84 ||    91
 Cast: Infusion          |     2 |     1 ||     3
       Spectral Weapon   |       |     3 ||     3
  Use: Scroll            |     2 |       ||     2
  Eat: Chunk             |     2 |     3 ||     5
       Ration            |       |     1 ||     1
Armor: Leather armour    |    37 |    23 ||    60
Dodge: Dodged            |    91 |   106 ||   197
       Rpst.: Falchion   |    18 |       ||    18
       Scimitar          |       |    36 ||    36
